Map: Persephone LE

Players

ManlyManMeat

  • Race: Protoss Protoss
  • League: Diamond
  • Spawn Location: 7:00

VOD

Have the link to the VOD?

Description

Time

  • Played on: July 12, 2025, 3:46 p.m.
  • Length: 31:43
Show
View Real Time Build Order
Export as new Build Order

ManlyManMeat Protoss 

Build Orders:  

Get SALT Encoding   

  12  0:02  Probe (Chrono Boost)  
  13  0:19  Probe (Chrono Boost)  
  14  0:28  Pylon  
  14  0:35  Probe (Chrono Boost)  
  15  0:50  Probe (Chrono Boost)  
  16  1:03  Gateway  
  16  1:09  Probe (Chrono Boost)  
  17  1:13  Assimilator  
  17  1:26  Probe (Chrono Boost)  
  18  1:43  Probe (Chrono Boost)  
  20  2:00  Probe (Chrono Boost)  
  20  2:10  Cybernetics Core  
  20  2:17  Probe (Chrono Boost)  
  20  2:19  Nexus  
  21  2:30  Pylon  
  21  2:39  Zealot  
  23  2:58  Gateway  
  23  3:15  Probe (Chrono Boost)  
  24  3:26  Probe (Chrono Boost)  
  24  3:30  Assimilator  
  25  3:40  Probe (Chrono Boost)  
  26  3:51  Stargate  
  26  3:57  Probe (Chrono Boost)  
  27  4:13  Probe (Chrono Boost)  
  31  4:20  Probe (Chrono Boost)  
  31  4:25  Probe (Chrono Boost)  
  32  4:37  Probe (Chrono Boost)  
  33  4:41  Unknown, Probe (Chrono Boost)  
  33  4:47  Stargate  
  34  4:51  Unknown  
  34  4:54  Probe (Chrono Boost)  
  34  4:58  Probe (Chrono Boost)  
  36  5:18  Probe x2 (Chrono Boost)  
  36  5:19  Assimilator  
  38  5:21  Nexus  
  38  5:23  Assimilator  
  38  5:33  Void Ray  
  38  5:38  Pylon  
  38  5:46  Protoss Air Weapons Level 1  
  38  5:49  Unknown  
  42  5:52  Probe (Chrono Boost)  
  42  5:55  Probe (Chrono Boost)  
  44  6:03  Probe (Chrono Boost)  
  44  6:07  Void Ray  
  49  6:12  Probe (Chrono Boost)  
  49  6:18  Pylon  
  49  6:19  Probe (Chrono Boost)  
  50  6:29  Probe (Chrono Boost)  
  52  6:31  Void Ray  
  52  6:45  Unknown  
  56  7:05  Probe x2 (Chrono Boost)  
  56  7:09  Void Ray  
  62  7:22  Probe x2 (Chrono Boost)  
  62  7:28  Cybernetics Core  
  62  7:29  Probe (Chrono Boost)  
  64  7:39  Probe x2 (Chrono Boost), Void Ray  
  71  7:40  Probe (Chrono Boost)  
  71  7:45  Pylon  
  71  7:49  Pylon  
  72  7:54  Pylon, Probe (Chrono Boost)  
  73  8:05  Stargate  
  73  8:07  Void Ray  
  73  8:13  Probe x3 (Chrono Boost)  
  73  8:16  Assimilator  
  76  8:29  Protoss Air Armor Level 1  
  80  8:39  Assimilator  
  83  8:40  Probe x3 (Chrono Boost)  
  83  8:44  Void Ray  
  87  8:57  Probe (Chrono Boost)  
  87  8:58  Fleet Beacon  
  88  9:16  Probe x2 (Chrono Boost)  
  88  9:17  Probe (Chrono Boost)  
  91  9:29  Pylon  
  91  9:33  Probe x2 (Chrono Boost), Nexus  
  91  9:34  Probe (Chrono Boost)  
  91  9:37  Pylon, Void Ray  
  91  9:39  Pylon  
  98  9:54  Void Ray  
  102  10:22  Protoss Air Weapons Level 2  
  102  10:28  Void Ray x2  
  106  10:36  Probe (Chrono Boost)  
  106  10:37  Probe x2 (Chrono Boost)  
  113  10:51  Pylon  
  113  10:53  Probe (Chrono Boost)  
  113  10:54  Void Ray  
  113  10:56  Pylon  
  118  11:08  Protoss Air Armor Level 2  
  118  11:09  Unknown  
  118  11:20  Void Ray  
  118  11:28  Void Ray  
  126  11:37  Probe x2 (Chrono Boost)  
  126  11:38  Probe x2 (Chrono Boost)  
  128  11:54  Probe x2 (Chrono Boost)  
  114  12:00  Void Ray  
  104  12:12  Oracle  
  104  12:22  Nexus  
  104  12:28  Void Ray  
  111  12:30  Assimilator  
  111  12:32  Assimilator  
  111  12:52  Void Ray  
  111  13:00  Void Ray  
  116  13:20  Pylon  
  116  13:21  Pylon  
  116  13:24  Shield Battery  
  116  13:29  Void Ray  
  120  13:35  Assimilator  
  120  13:36  Probe x3 (Chrono Boost)  
  123  13:43  Pylon  
  123  13:52  Void Ray  
  123  13:53  Probe (Chrono Boost), Zealot  
  130  14:01  Void Ray  
  130  14:02  Nexus  
  134  14:24  Void Ray  
  141  14:30  Probe x3 (Chrono Boost)  
  141  14:39  Void Ray  
  141  14:48  Protoss Air Weapons Level 3  
  141  14:50  Protoss Air Armor Level 3  
  141  14:53  Pylon  
  141  14:55  Pylon  
  141  14:57  Void Ray  
  141  14:59  Pylon  
  145  15:08  Void Ray  
  149  15:10  Probe x2 (Chrono Boost)  
  149  15:11  Probe x2 (Chrono Boost)  
  153  15:27  Probe x2 (Chrono Boost)  
  153  15:28  Probe x2 (Chrono Boost)  
  161  15:30  Pylon  
  161  15:37  Void Ray  
  161  15:44  Probe (Chrono Boost)  
  161  15:45  Void Ray  
  170  16:01  Void Ray  
  174  16:14  Stargate  
  174  16:38  Void Ray  
  164  16:49  Void Ray  
  152  16:55  Void Ray  
  156  17:01  Stargate  
  156  17:03  Robotics Facility  
  156  17:08  Robotics Facility  
  160  17:26  Void Ray x2  
  160  17:36  Assimilator  
  168  18:06  Void Ray  
  168  18:09  Observer  
  168  18:10  Observer  
  168  18:12  Void Ray  
  178  18:20  Void Ray x2  
  178  18:25  Pylon  
  186  18:41  Void Ray  
  191  19:06  Void Ray  
  194  19:12  Void Ray  
  190  20:08  Zealot  
  190  20:09  Void Ray  
  200  20:10  Void Ray  
  184  20:43  Robotics Bay  
  184  20:45  Robotics Bay  
  184  20:49  Stargate  
  184  20:51  Stargate, Void Ray  
  184  20:52  Void Ray  
  184  20:53  Void Ray  
  184  20:54  Stargate  
  184  21:02  Void Ray  
  184  21:05  Void Ray  
  198  22:15  Forge  
  197  22:24  Gravitic Boosters  
  189  22:49  Protoss Shields Level 1  
  181  23:24  Void Ray  
  189  23:37  Void Ray x3  
  197  23:40  Void Ray  
  169  24:11  Void Ray  
  169  24:23  Void Ray  
  169  24:26  Void Ray  
  173  24:37  Void Ray  
  173  24:38  Void Ray, Nexus  
  173  24:39  Assimilator  
  185  24:40  Assimilator, Nexus  
  185  24:42  Pylon  
  185  24:44  Assimilator  
  185  24:45  Pylon  
  185  24:46  Pylon  
  185  24:47  Assimilator  
  185  24:48  Pylon, Nexus  
  189  24:52  Assimilator x2  
  189  24:53  Pylon  
  189  24:59  Pylon  
  189  25:09  Void Ray  
  189  25:10  Assimilator  
  193  25:23  Void Ray  
  193  25:26  Void Ray  
  197  25:31  Observer  
  197  25:39  Protoss Ground Weapons Level 1  
  177  26:09  Void Ray  
  173  26:23  Void Ray  
  173  26:27  Void Ray  
  181  26:46  Void Ray  
  181  26:47  Void Ray  
  184  27:10  Void Ray  
  174  27:23  Void Ray  
  174  27:27  Void Ray  
  178  27:47  Void Ray x2  
  173  28:10  Void Ray  
  177  28:24  Void Ray  
  177  28:27  Void Ray  
  185  28:47  Void Ray x2  
  177  29:10  Void Ray  
  177  29:24  Void Ray  
Tags
 
League
Diamond
Matchup
Co-op
Replay Pack
Myownreplay2
Add a new tag
Caveats
  • Supply blocks, unpowered buildings, or Contaminate may cause inaccurate times.
  • Supply counts are checked every 10 seconds.